 Dungeon Crawl Stone Soup version 0.25-a0-700-g7f8a7979f0 (webtiles) character file.

Game seed: 5810693481361837657, levelgen mode: deterministic

52 kae the Ruffian (level 3, -2/28 HPs)
             Began as a Draconian Transmuter on Apr 2, 2020.
             Slain by Robin
             ... wielding a +0 spear
              (6 damage)
             ... on level 2 of the Dungeon.
             The game lasted 00:01:14 (1472 turns).

kae the Ruffian (Draconian Transmuter)              Turns: 1472, Time: 00:01:15

Health: -2/28      AC:  5    Str: 12    XL:     3   Next: 60%
Magic:  3/6        EV: 12    Int: 14    God:
Gold:   133        SH:  0    Dex: 11    Spells: 1/7 levels left

rFire    . . .     SeeInvis .     - Unarmed
rCold    . . .     Gourm    .   (no shield)
rNeg     . . .     Faith    .   (armour unavailable)
rPois    .         Spirit   .   (helmet restricted)
rElec    .         Reflect  .   (no cloak)
rCorr    .         Harm     .   (no gloves)
MR       .....                  (no boots)
Stlth    +.........             (no amulet)
HPRegen  0.09/turn              (no ring)
MPRegen  0.10/turn              (no ring)

@: flying
A: unfitting armour, cold-blooded, AC +5
a: no special abilities


You were on level 2 of the Dungeon.
You were hungry.

You visited 1 branch of the dungeon, and saw 2 of its levels.

You collected 133 gold pieces.

Inventory:

Missiles
 a - 4 arrows
Scrolls
 b - 3 scrolls of fear
 d - 2 scrolls of enchant weapon
 k - a scroll of teleportation {unknown}
Potions
 e - a potion of might
 h - a potion of curing
 i - a potion of cancellation {unknown}
 j - a potion of invisibility {unknown}
 l - 2 potions of mutation {unknown}
Comestibles
 c - 2 rations
 m - a chunk of flesh


   Skills:
 - Level 1.1 Fighting
 - Level 1.7 Dodging
 * Level 3.9 Unarmed Combat
 + Level 2.5 Spellcasting
 + Level 2.6 Transmutations


You had one spell level left.
You knew the following spells:

 Your Spells              Type           Power        Failure   Level  Hunger
a - Beastly Appendage     Tmut           #.....       8%          1    #......
b - Sticks to Snakes      Tmut           #.......     12%         2    ###....
c - Spider Form           Tmut/Pois      #.........   36%         3    ###....

Your spell library contained the following spells:

 Spells                   Type           Power        Failure   Level  Hunger
 Ice Form                 Ice/Tmut       #.......     78%         4    #####..
 Blade Hands              Tmut           #.........   91%         5    ######.


Dungeon Overview and Level Annotations

Branches:
Dungeon (2/15)

Altars:
Fedhas

Annotations:
D:2 Robin


Innate Abilities, Weirdness & Mutations

Your plain brown scales are hard. (AC +5)
You cannot fit into any form of body armour.
You are cold-blooded and may be slowed by cold attacks.


Message History

You hit Robin.
Robin is almost dead.
The hobgoblin no longer looks unusually strong.
Your ball python bites Robin but does no damage.
Your ball python constricts Robin.
Robin hits you with a +0 spear.
* * * LOW HITPOINT WARNING * * *
The hobgoblin barely misses you.
Casting: Sticks to Snakes (safe; 12% risk of failure)
Confirm with . or Enter, or press ? or * to list all spells.
You create a snake!
You now have 4 arrows.
Your ball python bites Robin but does no damage.
Your ball python constricts Robin.
Robin roars a battlecry!
The hobgoblin goes into a battle-frenzy!
The hobgoblin hits you.
* * * LOW HITPOINT WARNING * * *
You are feeling hungry.
Your ball python bites Robin but does no damage.
Your ball python constricts Robin.
Robin hits you with a +0 spear.
You die...

#. .. ........ ... ..
#...... .... .# #......
#>.######.## ######†
#..........# ##....
#..........# ##..#.#
.#....).....### #..#...
.[...()...../$####.##...
#...###@S#..............
# #...gg......###.......
####>S..(.....##.#.<(.
##.................
####...........#...#..
#.......÷(...##.....#..
..#.#............).....
.....#.......##.......
###.####......##....)..


You could see Robin, a hobgoblin and 2 friendly ball pythons.

Vanquished Creatures
  2 dart slugs
  A leopard gecko (D:2)
  7 goblins
  5 hobgoblins
  A kobold (D:1)
  2 bats
  2 frilled lizards
20 creatures vanquished.

Vanquished Creatures (collateral kills)
  Jessica (D:2)
  A worm (D:2)
  3 goblins (D:2)
  A hobgoblin (D:2)
  A kobold (D:2)
  A quokka (D:2)
  A frilled lizard (D:2)
  3 rats (D:2)
12 creatures vanquished.

Grand Total: 32 creatures vanquished

Notes
Turn   | Place    | Note
-------+----------+-------------------------------------------
     0 | D:1      | kae the Draconian Transmuter began the quest for the Orb.
     0 | D:1      | Reached XP level 1. HP: 16/16 MP: 3/3
   200 | D:1      | Reached XP level 2. HP: 15/23 MP: 3/5
  1009 | D:2      | Noticed Jessica
  1036 | D:2      | Learned a level 2 spell: Sticks to Snakes
  1261 | D:2      | Killed Jessica
  1261 | D:2      | Reached XP level 3. HP: 27/28 MP: 2/6
  1268 | D:2      | Learned a level 3 spell: Spider Form
  1308 | D:2      | Found a blossoming altar of Fedhas.
  1448 | D:2      | Noticed Robin
  1472 | D:2      | Slain by Robin

Levels and vault maps discovered:
D:1:      roderic_octagonal_star, layout_basic, chequers_serial_rivers_large_a,
          minmay_liquid_box
D:2:      layout_rooms, fedhas_altar_1, uniq_robin, uniq_jessica

Action                   || total
-------------------------++-------
Melee: Unarmed           ||    76
       Headbutt          ||     3
       Kick              ||     4
       Tailslap          ||     9
 Cast: Beastly Appendage ||     7
       Sticks to Snakes  ||     8
  Use: Scroll            ||     4
       Potion            ||     3
  Eat: Chunk             ||     2
Armor: Skin              ||    26
Dodge: Dodged            ||    61

Table legend:
 A = Non-vault XP
 B = Vault XP
 C = Vault XP percentage of total XP
 D = Non-vault monster count
 E = Vault monster count
 F = Vault count percentage of total count
                 A         B        C        D         E       F
            +---------+---------+-------+---------+---------+-------
      Total |      44 |      31 |  41.3 |      23 |       9 |  28.1
            +---------+---------+-------+---------+---------+-------
        D:1 |      20 |       0 |   0.0 |      10 |       0 |   0.0
        D:2 |      24 |      31 |  56.4 |      13 |       9 |  40.9
            +---------+---------+-------+---------+---------+-------
